 Dungeon Crawl Stone Soup version 0.27-a0-242-ge0fc76b88b (webtiles) character file.

Game seed: 1272416177985585288

8 knot the Chopper (level 2, 22/24 HPs)
             Began as a Demonspawn Berserker on Feb 3, 2021.
             Was a Follower of Trog.
             Quit the game on level 1 of the Dungeon.
             The game lasted 00:00:22 (283 turns).

knot the Chopper (Demonspawn Berserker)              Turns: 283, Time: 00:00:22

Health: 22/24      AC:  5    Str: 17    XL:     2   Next: 0%
Magic:  2/2        EV: 11    Int:  8    God:    Trog [*.....]
Gold:   19         SH:  0    Dex: 12    Spells: 1/1 levels left

rFire    . . .     SeeInvis .   a - +0 hand axe
rCold    . . .     Faith    .   (no shield)
rNeg     . . .     Spirit   .   e - +0 ring mail
rPois    .         Reflect  .   (no helmet)
rElec    .         Harm     .   (no cloak)
rCorr    .         Rampage  .   (no gloves)
Will     .....                  (no boots)
Stlth    +.........             (no amulet)
HPRegen  0.08/turn              (no ring)
MPRegen  0.08/turn              (no ring)

@: no status effects
A: claws 1
a: Renounce Religion, Berserk


You were on level 1 of the Dungeon.
You worshipped Trog.
Trog was aware of your devotion.
You visited 1 branch of the dungeon, and saw 1 of its levels.

You collected 19 gold pieces.

Inventory:

Hand Weapons
 a - a +0 hand axe (weapon)
Missiles
 c - 64 stones
Armour
 e - a +0 ring mail (worn)
Jewellery
 g - a cursed ring of attention {unknown}
Scrolls
 b - a scroll of teleportation {unknown}
Potions
 d - a potion of heal wounds {unknown}
 f - a potion of brilliance {unknown}


   Skills:
 - Level 3.0 Fighting
 + Level 3.2 Axes
 - Level 1.7 Armour
 - Level 1.7 Dodging


You had one spell level left.
You didn't know any spells.
Your spell library was empty.

Dungeon Overview and Level Annotations

Branches:
Dungeon (1/15)

Altars:


Innate Abilities, Weirdness & Mutations

You have sharp fingernails.


Message History

3 jackals come into view.
The jackal barks! x2
The jackal moves out of view.
Found a smoky yellow potion.
The jackal bites you but does no damage.
The jackal misses you.
You closely miss the jackal. You hit the jackal but do no damage.
You hit the jackal. The jackal barely misses you. x2
The jackal closely misses you. The jackal barely misses you.
You hit the jackal.
You kill the jackal!
Trog accepts your kill.
You closely miss the jackal. You hit the jackal.
The jackal bites you but does no damage.
The jackal bites you. The jackal misses you.
You have reached level 2!
You feel monstrous as your demonic heritage exerts itself.
Your demonic ancestry asserts itself...
Your fingernails lengthen.
Are you sure you want to abandon this character and quit the game? (Confirm with "yes".)

#......# +# #......# ..#
.#### #......# #.. ..!..
#......# #.# .#.##+
#......# #.####......
#......######...........
+................h..>...
#.......#####...@h......
#.......)........†......
...#.##.#####...###.#...
...#.##.# #.#?## # .
...#....#######...
...####....#.....#.#
...##....#.#.###.# #
...##........# ..
...##....#.########


You could see 2 jackals.

Vanquished Creatures
  A bat (D:1)
  2 goblins (D:1)
  A hobgoblin (D:1)
  A jackal (D:1)
  2 rats (D:1)
7 creatures vanquished.

Notes
Turn   | Place    | Note
-------+----------+-------------------------------------------
     0 | D:1      | knot the Demonspawn Berserker began the quest for the Orb.
     0 | D:1      | Reached XP level 1. HP: 18/18 MP: 1/1
   283 | D:1      | Gained mutation: You have sharp fingernails. [demonic
                  | ancestry]
   283 | D:1      | Reached XP level 2. HP: 22/24 MP: 2/2
   283 | D:1      | Quit the game

Illustrated notes

Levels and vault maps discovered:
D:1:      amcnicky_arrival_single_pillar, layout_basic

Skill      XL: |  1 |
---------------+----+-----
Axes           | 3 |  3.2
Fighting       | |  3.0
Armour         | |  1.7
Dodging        | |  1.7

Action                   || total
-------------------------++-------
Melee: Hand axe          ||    14
Armor: Ring mail         ||     4
       Animal skin       ||     1
Dodge: Dodged            ||    16

Table legend: (Time is in decaauts)
 A = Elapsed time spent in this place.
 B = Non-inter-level travel time spent in this place.
 C = Inter-level travel time spent in this place.
 D = Time resting spent in this place.
 E = Time spent auto-exploring this place.
 F = Levels seen in this place.
 G = Mean time per level.
                   A        B        C        D        E       F      G
               +--------+--------+--------+--------+--------+-----+--------+
         Total |    284 |    284 |      0 |      0 |    229 |   1 |  284.0 |
       Dungeon |    284 |    284 |      0 |      0 |    229 |   1 |  284.0 |
               +--------+--------+--------+--------+--------+-----+--------+

Top non-repeatable levels by time:
     D:1: 284 daAuts
